Blackdemons vs Harfangs
Created - 15 février 2016 at 19:33
Goals
|
| Blackdemons |
0 |
2 |
0 |
2 |
| Harfangs |
4 |
2 |
2 |
8 |
|
Shots
|
| Blackdemons |
6 |
16 |
14 |
36 |
| Harfangs |
12 |
10 |
10 |
32 |
|
1st period
1. Harfangs , Chris Kreider 32 (Alex Killorn, Brian Lashoff) at 2:34
2. Harfangs , Mats Zuccarello 20 (Alex Killorn, Jeremy Duchesne) at 10:12 (PP)
3. Harfangs , Alexandre Picard 6 (Peter Olvecky, Michal Repik) at 13:47
4. Harfangs , Michal Repik 6 (Peter Olvecky, Brandon Pirri) at 15:20
Penalties :
Matt Hunwick (MJM) for Roughing (Minor) at 10:00, Alexandre Picard (BEA) for Holding (Minor) at 10:21, Alexandre Picard (BEA) for Hooking (Minor) at 19:52
2nd period
5. Blackdemons , Zach Boychuk 40 (Matt Irwin, Enver Lisin) at 0:16 (PP)
6. Harfangs , Chris Kreider 33 (Alex Killorn) at 4:21 (PP)
7. Harfangs , Stefan Ruzicka 20 (Reid McNeill) at 7:08
8. Blackdemons , Enver Lisin 49 (Zach Boychuk, Wayne Primeau) at 8:08 (PP)
Penalties :
Michael Haley (MJM) for Roughing (Minor) at 3:45, Brandon Pirri (BEA) for Roughing (Minor) at 8:02, Calle Jarnkrok (BEA) for Slashing (Minor) at 8:27, Steven Zalewski (MJM) for Elbowing (Minor) at 11:05
3rd period
9. Harfangs , Mats Zuccarello 21 (Chris Kreider, Cam Fowler) at 3:24
10. Harfangs , Peter Olvecky 15 (Brandon Pirri, Michal Repik) at 8:31
Penalties :
Matt Irwin (MJM) for Hooking (Minor) at 3:27, Dustin Jeffrey (BEA) for Holding (Minor) at 9:41, Steve Oleksy (MJM) for Cross-checking (Minor) at 12:02, Chris Kreider (BEA) for Roughing (Minor) at 18:02, Matt Irwin (MJM) for Roughing (Minor) at 18:07
Goalie Stats
Chris Mason (MJM), 5 saves from 9 shots - (0,556), L, 25-10-3, 15:20 minutes
Andrew Hammond (MJM), 19 saves from 23 shots - (0,826), 44:40 minutes
Jeremy Duchesne (BEA), 34 saves from 36 shots - (0,944), W, 11-9-4, 60:00 minutes
Players Stats for Blackdemons
Player Name G A P +/- PIM S H SB GA TA FO MP PP MP PK MP
------------------------------------------------------------------------------------
Andrew MacDonald 0 0 0 -3 0 1 2 1 0 1 0/0 18:09 2:03 2:35
Barry Tallackson 0 0 0 -1 0 8 2 2 0 0 0/0 22:24 2:38 4:12
Ben Maxwell 0 0 0 0 0 0 0 0 0 0 0/0 0:44 0:10 0:00
Bryan Rust 0 0 0 0 0 0 0 0 0 0 0/0 0:00 0:00 0:00
Calvin de Haan 0 0 0 0 0 0 0 0 0 0 0/0 5:37 0:00 0:15
Charles-Olivier Roussel 0 0 0 0 0 0 0 0 0 0 0/0 4:21 0:00 0:00
Dan Bertram 0 0 0 0 0 0 0 0 0 0 0/0 0:00 0:00 0:00
Enver Lisin 1 1 2 -1 0 2 3 3 4 0 5/11 21:46 3:44 4:11
Eric Wellwood 0 0 0 0 0 1 0 0 0 0 0/0 10:39 0:00 0:43
Igor Makarov 0 0 0 0 0 0 0 0 0 0 0/0 0:54 0:11 0:00
Jakub Kindl 0 0 0 -3 0 3 0 3 0 1 0/0 27:05 4:29 4:10
Jeffrey Foss 0 0 0 0 0 1 0 2 0 0 0/0 12:19 0:00 1:01
Luca Caputi 0 0 0 -4 0 0 1 0 0 0 0/0 6:41 0:00 0:00
Mathieu Dandenault 0 0 0 -4 0 1 1 0 1 1 0/0 6:41 0:00 0:00
Matt Hunwick 0 0 0 -3 2 1 1 2 0 1 0/0 18:14 2:03 2:35
Matt Irwin 0 1 1 -3 4 3 2 1 0 1 0/0 24:00 4:28 2:54
Michael Haley 0 0 0 -1 2 1 4 0 0 0 0/0 17:39 2:38 0:00
Patrice Cormier 0 0 0 0 0 0 0 0 0 0 1/5 9:47 0:00 0:00
Richard Park 0 0 0 0 0 1 2 1 2 0 0/0 11:54 0:00 1:32
Scott Timmins 0 0 0 0 0 0 0 0 0 0 0/0 2:03 0:00 1:20
Shawn Matthias 0 0 0 -1 0 1 3 0 2 0 3/12 17:40 2:38 0:00
Steve Oleksy 0 0 0 0 2 1 0 0 1 0 0/0 10:43 0:00 0:00
Steven Zalewski 0 0 0 -4 2 2 1 0 0 0 2/2 6:40 0:00 0:00
Wayne Primeau 0 1 1 -1 0 1 4 2 0 0 22/42 18:35 3:44 1:32
Zach Boychuk 1 1 2 -1 0 8 2 0 2 0 1/2 16:42 3:53 0:00
Players Stats for Harfangs
Player Name G A P +/- PIM S H SB GA TA FO MP PP MP PK MP
------------------------------------------------------------------------------------
Alex Killorn 0 3 3 2 0 2 1 0 0 0 12/21 18:08 3:16 3:18
Alexandre Picard 1 0 1 1 4 2 1 1 1 1 0/0 25:23 3:35 2:01
Andrew Orpik 0 0 0 2 0 0 0 3 0 0 0/0 26:27 3:10 3:35
Brandon Pirri 0 2 2 3 2 2 0 1 0 0 4/9 11:13 0:00 0:07
Brian Lashoff 0 1 1 2 0 0 0 3 0 1 0/0 16:49 3:10 3:08
Calle Jarnkrok 0 0 0 0 2 0 2 0 0 0 6/10 11:11 0:00 0:00
Cam Fowler 0 1 1 3 0 0 1 4 1 2 0/0 17:25 0:00 0:56
Chris Kreider 2 1 3 2 2 5 0 0 0 0 2/4 14:03 3:16 0:07
Dustin Jeffrey 0 0 0 1 2 2 0 1 0 2 0/0 12:30 0:00 0:00
Mats Zuccarello 2 0 2 2 0 6 1 0 2 0 1/2 17:46 3:16 3:18
Michal Repik 1 2 3 3 0 2 0 1 1 1 0/0 10:26 0:00 0:00
Mike Hoffman 0 0 0 0 0 3 1 0 0 0 1/1 11:01 0:00 0:00
Peter Olvecky 1 2 3 3 0 3 3 2 0 0 0/1 17:27 3:29 3:07
Petri Kontiola 0 0 0 1 0 1 2 0 0 1 11/23 19:25 3:29 3:07
Reid McNeill 0 1 1 3 0 0 1 0 0 0 0/0 16:49 0:00 0:20
Stefan Ruzicka 1 0 1 1 0 3 1 0 0 2 1/1 16:17 3:29 0:00
Tomas Tatar 0 0 0 0 0 1 1 0 0 0 2/2 11:59 0:00 0:00
Victor Bartley 0 0 0 1 0 0 1 1 0 2 0/0 17:11 3:35 3:04
3 Stars
1 - Peter Olvecky (BEA)
2 - Michal Repik (BEA)
3 - Mats Zuccarello (BEA)
Power Play
Blackdemons - 2 on 6 Attempt(s) - 33,33%
Harfangs - 2 on 6 Attempt(s) - 33,33%
Penalty Kill
Blackdemons - 4 on 6 Attempt(s) - 66,67%
- Score 0 goal in Penalty Kill
Harfangs - 4 on 6 Attempt(s) - 66,67%
- Score 0 goal in Penalty Kill
Team Stat
Blackdemons - Hits : 28 - Faceoff Wins : 34 - Blocked Shots : 17 - Penalty Minutes : 12
Harfangs - Hits : 16 - Faceoff Wins : 40 - Blocked Shots : 17 - Penalty Minutes : 12
Official
Referees : Ciamaga Chris and Kimmerly Greg
Linesman : Pierre Racicot and Shane Heyer
Game Notes
Andrew Hammond enters game at 15:20 of 1st period
8:36 of 2nd period - Blackdemons goal is going for a video replay. After video review, No Goal. The attacking player has interfered with a goalkeeper in his goal crease.
Finance
Level 1 -- Attendance: 1354 (67,70%) -- Ticket Income 40 620 $
Level 2 -- Attendance: 761 (76,10%) -- Ticket Income 11 415 $
Total Attendance: 2115 (70,50%)
Total Ticket Income: 52 035 $
Other Income: 2 602 $
Total Income: 54 637 $
Blackdemons
5 vs 5 Forward
Center Left Wing Right Wing Time % Phy DF OF
1 Wayne Primeau Zach Boychuk Enver Lisin 40 1 2 2
2 Shawn Matthias Michael Haley Barry Tallackson 30 1 2 2
3 Patrice Cormier Eric Wellwood Richard Park 20 1 2 2
4 Steven Zalewski Luca Caputi Mathieu Dandenault 10 1 2 2
5 vs 5 Defense
Defense Defense Time % Phy DF OF
1 Jakub Kindl Matt Irwin 40 1 2 2
2 Matt Hunwick Andrew MacDonald 30 1 2 2
3 Steve Oleksy Jeffrey Foss 20 1 2 2
4 Calvin de Haan Charles-Olivier Roussel 10 1 2 2
PowerPlay Forward
Center Left Wing Right Wing Time % Phy DF OF
1 Wayne Primeau Zach Boychuk Enver Lisin 60 1 2 2
2 Shawn Matthias Michael Haley Barry Tallackson 40 1 2 2
PowerPlay Defense
Defense Defense Time % Phy DF OF
1 Jakub Kindl Matt Irwin 60 1 2 2
2 Matt Hunwick Andrew MacDonald 40 1 2 2
Penalty Kill 4 Players Forward
Center Wing Time % Phy DF OF
1 Enver Lisin Barry Tallackson 60 1 2 2
2 Wayne Primeau Richard Park 40 1 2 2
Penalty Kill 4 Players Defense
Defense Defense Time % Phy DF OF
1 Jakub Kindl Matt Irwin 60 1 2 2
2 Matt Hunwick Andrew MacDonald 40 1 2 2
Penalty Kill - 3 Players Forward
Forward Time % Phy DF OF
1 Enver Lisin 60 1 2 2
2 Barry Tallackson 40 1 2 2
Penalty Kill - 3 Players Defense
Defense Defense Time % Phy DF OF
1 Jakub Kindl Matt Irwin 60 1 2 2
2 Matt Hunwick Andrew MacDonald 40 1 2 2
4 vs 4 Forward
Center Wing Time % Phy DF OF
1 Enver Lisin Barry Tallackson 60 1 2 2
2 Wayne Primeau Richard Park 40 1 2 2
4 vs 4 Defense
Defense Defense Time % Phy DF OF
1 Jakub Kindl Matt Irwin 60 1 2 2
2 Matt Hunwick Andrew MacDonald 40 1 2 2
Last Minutes Offensive
Center Left Wing Right Wing Defense Defense
Wayne Primeau Zach Boychuk Enver Lisin Jakub Kindl Matt Irwin
Last Minutes Defensive
Center Left Wing Right Wing Defense Defense
Wayne Primeau Zach Boychuk Enver Lisin Jakub Kindl Matt Irwin
Goaltenders
Starting : Chris Mason
Backup : Andrew Hammond
Extra Forwards
Normal : Igor Makarov, Ben Maxwell, Scott Timmins - PP : Igor Makarov, Ben Maxwell - PK : Scott Timmins
Extra Defensemen
Normal : Steve Oleksy, Jeffrey Foss, Calvin de Haan - PP : Steve Oleksy - PK : Jeffrey Foss, Calvin de Haan
Penalty Shots
Enver Lisin, Barry Tallackson, Wayne Primeau, Richard Park, Shawn Matthias
Harfangs
5 vs 5 Forward
Center Left Wing Right Wing Time % Phy DF OF
1 Alex Killorn Chris Kreider Mats Zuccarello 25 1 2 2
2 Petri Kontiola Dustin Jeffrey Stefan Ruzicka 25 1 2 2
3 Calle Jarnkrok Tomas Tatar Mike Hoffman 25 1 2 2
4 Brandon Pirri Peter Olvecky Michal Repik 25 1 2 2
5 vs 5 Defense
Defense Defense Time % Phy DF OF
1 Alexandre Picard Victor Bartley 25 1 2 2
2 Brian Lashoff Andrew Orpik 25 1 2 2
3 Cam Fowler Reid McNeill 25 0 3 2
4 Alexandre Picard Andrew Orpik 25 1 2 2
PowerPlay Forward
Center Left Wing Right Wing Time % Phy DF OF
1 Alex Killorn Chris Kreider Mats Zuccarello 50 1 2 2
2 Petri Kontiola Peter Olvecky Stefan Ruzicka 50 1 2 2
PowerPlay Defense
Defense Defense Time % Phy DF OF
1 Alexandre Picard Victor Bartley 50 1 2 2
2 Andrew Orpik Brian Lashoff 50 1 2 2
Penalty Kill 4 Players Forward
Center Wing Time % Phy DF OF
1 Petri Kontiola Peter Olvecky 50 1 2 2
2 Alex Killorn Mats Zuccarello 50 1 2 2
Penalty Kill 4 Players Defense
Defense Defense Time % Phy DF OF
1 Alexandre Picard Victor Bartley 50 1 2 2
2 Brian Lashoff Andrew Orpik 50 1 2 2
Penalty Kill - 3 Players Forward
Forward Time % Phy DF OF
1 Petri Kontiola 50 1 2 2
2 Alex Killorn 50 1 2 2
Penalty Kill - 3 Players Defense
Defense Defense Time % Phy DF OF
1 Alexandre Picard Victor Bartley 50 1 2 2
2 Brian Lashoff Andrew Orpik 50 1 2 2
4 vs 4 Forward
Center Wing Time % Phy DF OF
1 Alex Killorn Chris Kreider 50 1 2 2
2 Petri Kontiola Stefan Ruzicka 50 1 2 2
4 vs 4 Defense
Defense Defense Time % Phy DF OF
1 Alexandre Picard Victor Bartley 50 1 2 2
2 Andrew Orpik Brian Lashoff 50 1 2 2
Last Minutes Offensive
Center Left Wing Right Wing Defense Defense
Petri Kontiola Chris Kreider Mats Zuccarello Alexandre Picard Andrew Orpik
Last Minutes Defensive
Center Left Wing Right Wing Defense Defense
Petri Kontiola Chris Kreider Mats Zuccarello Brian Lashoff Andrew Orpik
Goaltenders
Starting : Jeremy Duchesne
Backup : Darcy Kuemper
Extra Forwards
Normal : Stefan Ruzicka, Chris Kreider, Mats Zuccarello - PP : Stefan Ruzicka, Chris Kreider - PK : Mats Zuccarello
Extra Defensemen
Normal : Alexandre Picard, Andrew Orpik, Victor Bartley - PP : Andrew Orpik - PK : Alexandre Picard, Victor Bartley
Penalty Shots
Mats Zuccarello, Tomas Tatar, Petri Kontiola, Dustin Jeffrey, Peter Olvecky
% Time on Ice - Blackdemons
Lines # - Real PCT - Wanted PCT - Time Play
Normal Forward
1 - 30% - 40% - 13:21
2 - 34% - 30% - 15:02
3 - 22% - 20% - 9:47
4 - 15% - 10% - 6:41
Normal Defense
1 - 39% - 40% - 17:19
2 - 29% - 30% - 13:04
3 - 23% - 20% - 10:13
4 - 9% - 10% - 4:15
PP Forward
1 - 60% - 60% - 3:54
2 - 40% - 40% - 2:38
PP Defense
1 - 69% - 60% - 4:29
2 - 31% - 40% - 2:03
PK Forward
1 - 77% - 60% - 5:13
2 - 23% - 40% - 1:32
PK Defense
1 - 62% - 60% - 4:10
2 - 38% - 40% - 2:35
PK3 Forward
1 - 0% - 60%
2 - 0% - 40%
PK3 Defense
1 - 0% - 60%
2 - 0% - 40%
44 Forward
1 - 69% - 60% - 1:17
2 - 31% - 40% - 0:35
44 Defense
1 - 76% - 60% - 1:25
2 - 24% - 40% - 0:27
Last Minute Offensive - 0:00
Last Minute Defensive - 0:00
Total
Forward - 60:00
Defense - 60:00
|
% Time on Ice - Harfangs
Lines # - Real PCT - Wanted PCT - Time Play
Normal Forward
1 - 23% - 25% - 10:28
2 - 29% - 25% - 12:56
3 - 25% - 25% - 11:01
4 - 23% - 25% - 10:26
Normal Defense
1 - 22% - 25% - 9:44
2 - 21% - 25% - 9:33
3 - 37% - 25% - 16:23
4 - 20% - 25% - 9:11
PP Forward
1 - 48% - 50% - 3:16
2 - 52% - 50% - 3:29
PP Defense
1 - 53% - 50% - 3:35
2 - 47% - 50% - 3:10
PK Forward
1 - 48% - 50% - 3:07
2 - 52% - 50% - 3:25
PK Defense
1 - 52% - 50% - 3:24
2 - 48% - 50% - 3:08
PK3 Forward
1 - 0% - 50%
2 - 0% - 50%
PK3 Defense
1 - 0% - 50%
2 - 0% - 50%
44 Forward
1 - 100% - 50% - 1:52
2 - 0% - 50% - 0:00
44 Defense
1 - 48% - 50% - 0:54
2 - 52% - 50% - 0:58
Last Minute Offensive - 0:00
Last Minute Defensive - 0:00
Total
Forward - 60:00
Defense - 60:00
|
Play by Play
1st period
0:01 of 1st period - Chris Kreider wins face-off versus Wayne Primeau in neutral zone.
0:56 of 1st period - Calle Jarnkrok is hit by Andrew MacDonald and loses puck.
1:07 of 1st period - Slapshot by Victor Bartley.
1:07 of 1st period - Shot Hit the Post.
1:19 of 1st period - Wrist shot by Brandon Pirri.
1:19 of 1st period - Shot Misses the Net.
2:32 of 1st period - Wrist shot by Alex Killorn.
2:32 of 1st period - Stopped by Chris Mason with a rebound.
2:34 of 1st period - Backhand shot by Chris Kreider.
2:34 of 1st period - Goal by Chris Kreider - Blackdemons : 0 - Harfangs : 1.
2:35 of 1st period - Enver Lisin wins face-off versus Brandon Pirri in neutral zone.
2:38 of 1st period - Slapshot by Enver Lisin.
2:38 of 1st period - Shot Misses the Net.
2:40 of 1st period - Slapshot by Zach Boychuk.
2:40 of 1st period - Shot Misses the Net.
2:42 of 1st period - Slapshot by Calvin de Haan.
2:42 of 1st period - Shot Blocked by Peter Olvecky.
3:19 of 1st period - Matt Hunwick is hit by Calle Jarnkrok and loses puck.
3:30 of 1st period - Mike Hoffman is hit by Richard Park and loses puck.
4:02 of 1st period - Slapshot by Enver Lisin.
4:02 of 1st period - Shot Blocked by Cam Fowler.
4:04 of 1st period - Slapshot by Jakub Kindl.
4:04 of 1st period - Stopped by Jeremy Duchesne without a rebound.
4:05 of 1st period - Wayne Primeau wins face-off versus Calle Jarnkrok in Harfangs zone.
4:12 of 1st period - Snap shot by Enver Lisin.
4:12 of 1st period - Shot Blocked by Alexandre Picard.
4:31 of 1st period - Steve Oleksy is hit by Peter Olvecky.
4:34 of 1st period - Off-side.
4:35 of 1st period - Brandon Pirri wins face-off versus Shawn Matthias in neutral zone.
4:48 of 1st period - Wrist shot by Barry Tallackson.
4:48 of 1st period - Shot Misses the Net.
5:31 of 1st period - Backhand shot by Matt Irwin.
5:31 of 1st period - Shot Blocked by Brian Lashoff.
5:33 of 1st period - Slapshot by Jakub Kindl.
5:33 of 1st period - Shot Misses the Net.
5:43 of 1st period - Mats Zuccarello is hit by Mathieu Dandenault and loses puck.
6:45 of 1st period - Icing by Alexandre Picard.
6:46 of 1st period - Stefan Ruzicka wins face-off versus Patrice Cormier in Harfangs zone.
7:18 of 1st period - Peter Olvecky is hit by Zach Boychuk and loses puck.
7:25 of 1st period - Wrist shot by Enver Lisin.
7:25 of 1st period - Shot Blocked by Cam Fowler.
7:41 of 1st period - Wrist shot by Stefan Ruzicka.
7:41 of 1st period - Deflect By Petri Kontiola.
7:41 of 1st period - Shot Blocked by Barry Tallackson.
7:41 of 1st period - Puck is out of play.
7:42 of 1st period - Petri Kontiola wins face-off versus Shawn Matthias in Blackdemons zone.
8:01 of 1st period - Andrew Orpik is hit by Barry Tallackson and loses puck.
8:18 of 1st period - Wrist shot by Petri Kontiola.
8:18 of 1st period - Shot Blocked by Barry Tallackson.
8:20 of 1st period - Slapshot by Alexandre Picard.
8:20 of 1st period - Shot Blocked by Jakub Kindl.
8:22 of 1st period - Snap shot by Dustin Jeffrey.
8:22 of 1st period - Stopped by Chris Mason without a rebound.
8:23 of 1st period - Wayne Primeau wins face-off versus Calle Jarnkrok in Blackdemons zone.
8:56 of 1st period - Patrice Cormier is hit by Reid McNeill and loses puck.
9:20 of 1st period - Snap shot by Alexandre Picard.
9:20 of 1st period - Deflect By Peter Olvecky.
9:20 of 1st period - Shot Misses the Net.
9:20 of 1st period - Puck is out of play.
9:21 of 1st period - Calle Jarnkrok wins face-off versus Wayne Primeau in Blackdemons zone.
9:22 of 1st period - Snap shot by Mike Hoffman.
9:22 of 1st period - Shot Blocked by Wayne Primeau.
9:34 of 1st period - Snap shot by Enver Lisin.
9:34 of 1st period - Shot Misses the Net.
9:36 of 1st period - Slapshot by Wayne Primeau.
9:36 of 1st period - Shot Misses the Net.
9:46 of 1st period - Wrist shot by Mike Hoffman.
9:46 of 1st period - Stopped by Chris Mason without a rebound.
9:47 of 1st period - Alex Killorn wins face-off versus Shawn Matthias in Blackdemons zone.
9:58 of 1st period - Snap shot by Chris Kreider.
9:58 of 1st period - Shot Misses the Net.
10:00 of 1st period - Minor Penalty to Matt Hunwick for Roughing.
10:01 of 1st period - Enver Lisin wins face-off versus Alex Killorn in Blackdemons zone.
10:12 of 1st period - Snap shot by Mats Zuccarello.
10:12 of 1st period - Goal by Mats Zuccarello - Blackdemons : 0 - Harfangs : 2.
10:13 of 1st period - Wayne Primeau wins face-off versus Brandon Pirri in neutral zone.
10:21 of 1st period - Minor Penalty to Alexandre Picard for Holding.
10:22 of 1st period - Wayne Primeau wins face-off versus Petri Kontiola in Harfangs zone.
10:55 of 1st period - Wrist shot by Barry Tallackson.
10:55 of 1st period - Shot Misses the Net.
10:57 of 1st period - Wrist shot by Barry Tallackson.
10:57 of 1st period - Stopped by Jeremy Duchesne with a rebound.
10:59 of 1st period - Slapshot by Jakub Kindl.
10:59 of 1st period - Shot Misses the Net.
12:21 of 1st period - Penalty to Alexandre Picard is over, Alexandre Picard is back on ice.
12:53 of 1st period - Snap shot by Steven Zalewski.
12:53 of 1st period - Stopped by Jeremy Duchesne without a rebound.
12:54 of 1st period - Steven Zalewski wins face-off versus Brandon Pirri in Harfangs zone.
13:01 of 1st period - Snap shot by Steven Zalewski.
13:01 of 1st period - Stopped by Jeremy Duchesne with a rebound.
13:33 of 1st period - Mathieu Dandenault is hit by Victor Bartley and loses puck.
13:47 of 1st period - Slapshot by Alexandre Picard.
13:47 of 1st period - Goal by Alexandre Picard - Blackdemons : 0 - Harfangs : 3.
13:48 of 1st period - Alex Killorn wins face-off versus Wayne Primeau in neutral zone.
13:53 of 1st period - Snap shot by Chris Kreider.
13:53 of 1st period - Shot Blocked by Jakub Kindl.
13:55 of 1st period - Snap shot by Mats Zuccarello.
13:55 of 1st period - Shot Blocked by Matt Irwin.
13:57 of 1st period - Wrist shot by Mats Zuccarello.
13:57 of 1st period - Shot Misses the Net.
13:59 of 1st period - Snap shot by Alex Killorn.
13:59 of 1st period - Stopped by Chris Mason with a rebound.
14:01 of 1st period - Snap shot by Mats Zuccarello.
14:01 of 1st period - Stopped by Chris Mason without a rebound.
14:02 of 1st period - Wayne Primeau wins face-off versus Petri Kontiola in Blackdemons zone.
14:09 of 1st period - Snap shot by Stefan Ruzicka.
14:09 of 1st period - Shot Misses the Net.
15:18 of 1st period - Snap shot by Peter Olvecky.
15:18 of 1st period - Shot Misses the Net.
15:20 of 1st period - Wrist shot by Michal Repik.
15:20 of 1st period - Goal by Michal Repik - Blackdemons : 0 - Harfangs : 4.
15:20 of 1st period - Andrew Hammond enters game.
15:21 of 1st period - Petri Kontiola wins face-off versus Wayne Primeau in neutral zone.
15:32 of 1st period - Snap shot by Stefan Ruzicka.
15:32 of 1st period - Shot Blocked by Matt Hunwick.
15:34 of 1st period - Backhand shot by Alexandre Picard.
15:34 of 1st period - Stopped by Andrew Hammond with a rebound.
15:36 of 1st period - Snap shot by Petri Kontiola.
15:36 of 1st period - Shot Blocked by Enver Lisin.
15:55 of 1st period - Snap shot by Zach Boychuk.
15:55 of 1st period - Shot Blocked by Andrew Orpik.
16:41 of 1st period - Snap shot by Chris Kreider.
16:41 of 1st period - Shot Misses the Net.
16:43 of 1st period - Snap shot by Mats Zuccarello.
16:43 of 1st period - Stopped by Andrew Hammond without a rebound.
16:44 of 1st period - Petri Kontiola wins face-off versus Shawn Matthias in Blackdemons zone.
17:13 of 1st period - Off-side.
17:14 of 1st period - Patrice Cormier wins face-off versus Chris Kreider in neutral zone.
17:46 of 1st period - Slapshot by Richard Park.
17:46 of 1st period - Shot Misses the Net.
17:52 of 1st period - Slapshot by Patrice Cormier.
17:52 of 1st period - Shot Misses the Net.
18:14 of 1st period - Snap shot by Shawn Matthias.
18:14 of 1st period - Stopped by Jeremy Duchesne with a rebound.
18:52 of 1st period - Snap shot by Chris Kreider.
18:52 of 1st period - Shot Hit the Post.
18:54 of 1st period - Wrist shot by Chris Kreider.
18:54 of 1st period - Stopped by Andrew Hammond with a rebound.
18:56 of 1st period - Slapshot by Chris Kreider.
18:56 of 1st period - Shot Misses the Net.
19:12 of 1st period - Slapshot by Barry Tallackson.
19:12 of 1st period - Stopped by Jeremy Duchesne without a rebound.
19:13 of 1st period - Tomas Tatar wins face-off versus Shawn Matthias in Harfangs zone.
19:20 of 1st period - Tomas Tatar is hit by Shawn Matthias and loses puck.
19:52 of 1st period - Minor Penalty to Alexandre Picard for Hooking.
19:53 of 1st period - Wayne Primeau wins face-off versus Petri Kontiola in Harfangs zone.
Goals for this period are 0 for Blackdemons vs 4 for Harfangs.
Shots for this period are 6 for Blackdemons vs 12 for Harfangs.
2nd period
0:01 of 2nd period - Wayne Primeau wins face-off versus Petri Kontiola in neutral zone.
0:04 of 2nd period - Slapshot by Zach Boychuk.
0:04 of 2nd period - Stopped by Jeremy Duchesne without a rebound.
0:05 of 2nd period - Petri Kontiola wins face-off versus Wayne Primeau in Harfangs zone.
0:14 of 2nd period - Snap shot by Zach Boychuk.
0:14 of 2nd period - Stopped by Jeremy Duchesne with a rebound.
0:16 of 2nd period - Wrist shot by Matt Irwin.
0:16 of 2nd period - Deflect By Zach Boychuk.
0:16 of 2nd period - Goal by Zach Boychuk - Blackdemons : 1 - Harfangs : 4.
0:17 of 2nd period - Petri Kontiola wins face-off versus Wayne Primeau in neutral zone.
0:22 of 2nd period - Slapshot by Alexandre Picard.
0:22 of 2nd period - Deflect By Petri Kontiola.
0:22 of 2nd period - Shot Blocked by Enver Lisin.
0:22 of 2nd period - Puck is out of play.
0:23 of 2nd period - Wayne Primeau wins face-off versus Petri Kontiola in Blackdemons zone.
0:33 of 2nd period - Enver Lisin is hit by Petri Kontiola and loses puck.
0:58 of 2nd period - Mats Zuccarello is hit by Shawn Matthias and loses puck.
1:11 of 2nd period - Wrist shot by Richard Park.
1:11 of 2nd period - Stopped by Jeremy Duchesne with a rebound.
1:13 of 2nd period - Snap shot by Eric Wellwood.
1:13 of 2nd period - Shot Blocked by Andrew Orpik.
1:15 of 2nd period - Snap shot by Patrice Cormier.
1:15 of 2nd period - Deflect By Eric Wellwood.
1:15 of 2nd period - Shot Misses the Net.
1:15 of 2nd period - Puck is out of play.
1:16 of 2nd period - Wayne Primeau wins face-off versus Petri Kontiola in Harfangs zone.
1:17 of 2nd period - Snap shot by Zach Boychuk.
1:17 of 2nd period - Shot Blocked by Cam Fowler.
1:19 of 2nd period - Slapshot by Andrew MacDonald.
1:19 of 2nd period - Deflect By Zach Boychuk.
1:19 of 2nd period - Shot Hit the Post.
1:19 of 2nd period - Puck is out of play.
1:20 of 2nd period - Petri Kontiola wins face-off versus Wayne Primeau in Harfangs zone.
1:27 of 2nd period - Slapshot by Petri Kontiola.
1:27 of 2nd period - Shot Blocked by Wayne Primeau.
1:47 of 2nd period - Snap shot by Barry Tallackson.
1:47 of 2nd period - Stopped by Jeremy Duchesne with a rebound.
1:57 of 2nd period - Michal Repik is hit by Michael Haley and loses puck.
2:16 of 2nd period - Snap shot by Mats Zuccarello.
2:16 of 2nd period - Stopped by Andrew Hammond with a rebound.
2:18 of 2nd period - Slapshot by Alexandre Picard.
2:18 of 2nd period - Shot Blocked by Andrew MacDonald.
2:20 of 2nd period - Slapshot by Andrew Orpik.
2:20 of 2nd period - Shot Misses the Net.
2:56 of 2nd period - Wrist shot by Mathieu Dandenault.
2:56 of 2nd period - Shot Blocked by Andrew Orpik.
2:58 of 2nd period - Slapshot by Steve Oleksy.
2:58 of 2nd period - Stopped by Jeremy Duchesne without a rebound.
2:59 of 2nd period - Mike Hoffman wins face-off versus Wayne Primeau in Harfangs zone.
3:45 of 2nd period - Minor Penalty to Michael Haley for Roughing.
3:46 of 2nd period - Petri Kontiola wins face-off versus Enver Lisin in Blackdemons zone.
4:21 of 2nd period - Snap shot by Chris Kreider.
4:21 of 2nd period - Goal by Chris Kreider - Blackdemons : 1 - Harfangs : 5.
4:22 of 2nd period - Wayne Primeau wins face-off versus Peter Olvecky in neutral zone.
4:44 of 2nd period - Icing by Alexandre Picard.
4:45 of 2nd period - Brandon Pirri wins face-off versus Shawn Matthias in Harfangs zone.
4:45 of 2nd period - Brandon Pirri is hit by Michael Haley.
4:51 of 2nd period - Andrew Orpik is hit by Shawn Matthias.
5:09 of 2nd period - Alexandre Picard is hit by Barry Tallackson and loses puck.
5:53 of 2nd period - Wrist shot by Stefan Ruzicka.
5:53 of 2nd period - Stopped by Andrew Hammond with a rebound.
7:08 of 2nd period - Slapshot by Stefan Ruzicka.
7:08 of 2nd period - Goal by Stefan Ruzicka - Blackdemons : 1 - Harfangs : 6.
7:09 of 2nd period - Chris Kreider wins face-off versus Wayne Primeau in neutral zone.
7:11 of 2nd period - Off-side.
7:12 of 2nd period - Wayne Primeau wins face-off versus Alex Killorn in neutral zone.
7:17 of 2nd period - Icing by Chris Kreider.
7:18 of 2nd period - Alex Killorn wins face-off versus Wayne Primeau in Harfangs zone.
7:33 of 2nd period - Snap shot by Chris Kreider.
7:33 of 2nd period - Shot Blocked by Jeffrey Foss.
7:35 of 2nd period - Wrist shot by Chris Kreider.
7:35 of 2nd period - Stopped by Andrew Hammond without a rebound.
7:36 of 2nd period - Calle Jarnkrok wins face-off versus Patrice Cormier in Blackdemons zone.
7:37 of 2nd period - Slapshot by Alexandre Picard.
7:37 of 2nd period - Shot Misses the Net.
7:39 of 2nd period - Wrist shot by Alexandre Picard.
7:39 of 2nd period - Shot Blocked by Matt Hunwick.
8:02 of 2nd period - Minor Penalty to Brandon Pirri for Roughing.
8:03 of 2nd period - Wayne Primeau wins face-off versus Alex Killorn in Harfangs zone.
8:08 of 2nd period - Snap shot by Enver Lisin.
8:08 of 2nd period - Goal by Enver Lisin - Blackdemons : 2 - Harfangs : 6.
8:09 of 2nd period - Brandon Pirri wins face-off versus Wayne Primeau in neutral zone.
8:24 of 2nd period - Snap shot by Zach Boychuk.
8:24 of 2nd period - Stopped by Jeremy Duchesne without a rebound.
8:25 of 2nd period - Calle Jarnkrok wins face-off versus Patrice Cormier in Harfangs zone.
8:27 of 2nd period - Minor Penalty to Calle Jarnkrok for Slashing.
8:28 of 2nd period - Wayne Primeau wins face-off versus Petri Kontiola in Harfangs zone.
8:28 of 2nd period - Snap shot by Zach Boychuk.
8:28 of 2nd period - Shot Misses the Net.
8:30 of 2nd period - Slapshot by Matt Irwin.
8:30 of 2nd period - Shot Blocked by Brian Lashoff.
8:32 of 2nd period - Slapshot by Jakub Kindl.
8:32 of 2nd period - Shot Misses the Net.
8:34 of 2nd period - Slapshot by Matt Irwin.
8:34 of 2nd period - Shot Misses the Net.
8:36 of 2nd period - Snap shot by Enver Lisin.
8:36 of 2nd period - Blackdemons goal is going for a video replay.
8:36 of 2nd period - The goal is refused. The attacking player has interfered with a goalkeeper in his goal crease..
8:37 of 2nd period - Wayne Primeau wins face-off versus Petri Kontiola in Harfangs zone.
8:40 of 2nd period - Wrist shot by Zach Boychuk.
8:40 of 2nd period - Stopped by Jeremy Duchesne without a rebound.
8:41 of 2nd period - Alex Killorn wins face-off versus Zach Boychuk in Harfangs zone.
8:56 of 2nd period - Slapshot by Matt Irwin.
8:56 of 2nd period - Deflect By Peter Olvecky.
8:56 of 2nd period - Stopped by Jeremy Duchesne with a rebound.
9:30 of 2nd period - Enver Lisin is hit by Peter Olvecky and loses puck.
10:23 of 2nd period - Andrew Orpik is hit by Wayne Primeau and loses puck.
10:27 of 2nd period - Penalty to Calle Jarnkrok is over, Calle Jarnkrok is back on ice.
11:05 of 2nd period - Minor Penalty to Steven Zalewski for Elbowing.
11:06 of 2nd period - Enver Lisin wins face-off versus Alex Killorn in Blackdemons zone.
11:18 of 2nd period - Wrist shot by Chris Kreider.
11:18 of 2nd period - Shot Misses the Net.
11:30 of 2nd period - Enver Lisin is hit by Peter Olvecky and loses puck.
12:56 of 2nd period - Matt Hunwick is hit by Alex Killorn and loses puck.
13:05 of 2nd period - Penalty to Steven Zalewski is over, Steven Zalewski is back on ice.
14:52 of 2nd period - Slapshot by Matt Irwin.
14:52 of 2nd period - Stopped by Jeremy Duchesne without a rebound.
14:53 of 2nd period - Shawn Matthias wins face-off versus Petri Kontiola in Harfangs zone.
14:54 of 2nd period - Snap shot by Barry Tallackson.
14:54 of 2nd period - Stopped by Jeremy Duchesne with a rebound.
15:04 of 2nd period - Matt Irwin is hit by Stefan Ruzicka and loses puck.
15:15 of 2nd period - Barry Tallackson is hit by Mats Zuccarello and loses puck.
15:24 of 2nd period - Snap shot by Alex Killorn.
15:24 of 2nd period - Deflect By Chris Kreider.
15:24 of 2nd period - Shot Misses the Net.
15:24 of 2nd period - Puck is out of play.
15:25 of 2nd period - Wayne Primeau wins face-off versus Brandon Pirri in Blackdemons zone.
15:31 of 2nd period - Icing by Enver Lisin.
15:32 of 2nd period - Enver Lisin wins face-off versus Brandon Pirri in Blackdemons zone.
16:26 of 2nd period - Snap shot by Richard Park.
16:26 of 2nd period - Shot Blocked by Cam Fowler.
16:40 of 2nd period - Chris Kreider is hit by Steven Zalewski and loses puck.
16:49 of 2nd period - Slapshot by Steven Zalewski.
16:49 of 2nd period - Shot Misses the Net.
16:53 of 2nd period - Snap shot by Steven Zalewski.
16:53 of 2nd period - Deflect By Luca Caputi.
16:53 of 2nd period - Shot Misses the Net.
16:53 of 2nd period - Puck is out of play.
16:54 of 2nd period - Calle Jarnkrok wins face-off versus Wayne Primeau in Harfangs zone.
16:54 of 2nd period - Calle Jarnkrok is hit by Enver Lisin.
17:26 of 2nd period - Snap shot by Barry Tallackson.
17:26 of 2nd period - Shot Blocked by Victor Bartley.
17:28 of 2nd period - Wrist shot by Barry Tallackson.
17:28 of 2nd period - Stopped by Jeremy Duchesne with a rebound.
17:30 of 2nd period - Wrist shot by Shawn Matthias.
17:30 of 2nd period - Shot Misses the Net.
17:49 of 2nd period - Wrist shot by Matt Hunwick.
17:49 of 2nd period - Stopped by Jeremy Duchesne with a rebound.
18:06 of 2nd period - Alexandre Picard is hit by Andrew MacDonald and loses puck.
18:13 of 2nd period - Slapshot by Victor Bartley.
18:13 of 2nd period - Shot Misses the Net.
18:17 of 2nd period - Snap shot by Peter Olvecky.
18:17 of 2nd period - Deflect By Andrew MacDonald.
18:17 of 2nd period - Stopped by Andrew Hammond with a rebound.
18:31 of 2nd period - Snap shot by Michal Repik.
18:31 of 2nd period - Shot Blocked by Richard Park.
18:41 of 2nd period - Snap shot by Michal Repik.
18:41 of 2nd period - Stopped by Andrew Hammond with a rebound.
18:43 of 2nd period - Snap shot by Michal Repik.
18:43 of 2nd period - Shot Misses the Net.
18:45 of 2nd period - Slapshot by Michal Repik.
18:45 of 2nd period - Shot Misses the Net.
18:47 of 2nd period - Slapshot by Brandon Pirri.
18:47 of 2nd period - Shot Misses the Net.
18:49 of 2nd period - Slapshot by Brandon Pirri.
18:49 of 2nd period - Stopped by Andrew Hammond without a rebound.
18:50 of 2nd period - Alex Killorn wins face-off versus Wayne Primeau in Blackdemons zone.
18:51 of 2nd period - Wrist shot by Chris Kreider.
18:51 of 2nd period - Stopped by Andrew Hammond without a rebound.
18:52 of 2nd period - Zach Boychuk wins face-off versus Alex Killorn in Blackdemons zone.
19:00 of 2nd period - Wrist shot by Mats Zuccarello.
19:00 of 2nd period - Stopped by Andrew Hammond with a rebound.
19:24 of 2nd period - Snap shot by Barry Tallackson.
19:24 of 2nd period - Stopped by Jeremy Duchesne without a rebound.
19:25 of 2nd period - Calle Jarnkrok wins face-off versus Shawn Matthias in Harfangs zone.
19:50 of 2nd period - Alex Killorn is hit by Zach Boychuk and loses puck.
Goals for this period are 2 for Blackdemons vs 2 for Harfangs.
Shots for this period are 16 for Blackdemons vs 10 for Harfangs.
3rd period
0:01 of 3rd period - Wayne Primeau wins face-off versus Alex Killorn in neutral zone.
0:16 of 3rd period - Wrist shot by Zach Boychuk.
0:16 of 3rd period - Stopped by Jeremy Duchesne without a rebound.
0:17 of 3rd period - Shawn Matthias wins face-off versus Calle Jarnkrok in Harfangs zone.
0:34 of 3rd period - Tomas Tatar is hit by Michael Haley and loses puck.
1:05 of 3rd period - Wrist shot by Stefan Ruzicka.
1:05 of 3rd period - Stopped by Andrew Hammond with a rebound.
1:07 of 3rd period - Backhand shot by Dustin Jeffrey.
1:07 of 3rd period - Shot Misses the Net.
1:23 of 3rd period - Stefan Ruzicka is hit by Matt Hunwick and loses puck.
1:40 of 3rd period - Snap shot by Stefan Ruzicka.
1:40 of 3rd period - Shot Blocked by Jeffrey Foss.
1:42 of 3rd period - Snap shot by Dustin Jeffrey.
1:42 of 3rd period - Stopped by Andrew Hammond without a rebound.
1:43 of 3rd period - Shawn Matthias wins face-off versus Calle Jarnkrok in Blackdemons zone.
1:43 of 3rd period - Shawn Matthias is hit by Cam Fowler.
2:05 of 3rd period - Wrist shot by Barry Tallackson.
2:05 of 3rd period - Shot Misses the Net.
2:11 of 3rd period - Wrist shot by Barry Tallackson.
2:11 of 3rd period - Stopped by Jeremy Duchesne with a rebound.
2:13 of 3rd period - Snap shot by Jakub Kindl.
2:13 of 3rd period - Stopped by Jeremy Duchesne without a rebound.
2:14 of 3rd period - Alex Killorn wins face-off versus Wayne Primeau in Harfangs zone.
2:14 of 3rd period - Alex Killorn is hit by Enver Lisin.
3:24 of 3rd period - Slapshot by Mats Zuccarello.
3:24 of 3rd period - Goal by Mats Zuccarello - Blackdemons : 2 - Harfangs : 7.
3:25 of 3rd period - Wayne Primeau wins face-off versus Alex Killorn in neutral zone.
3:27 of 3rd period - Minor Penalty to Matt Irwin for Hooking.
3:28 of 3rd period - Enver Lisin wins face-off versus Petri Kontiola in Blackdemons zone.
4:48 of 3rd period - Slapshot by Wayne Primeau.
4:48 of 3rd period - Stopped by Jeremy Duchesne with a rebound.
4:50 of 3rd period - Slapshot by Jakub Kindl.
4:50 of 3rd period - Shot Blocked by Brian Lashoff.
4:52 of 3rd period - Slapshot by Jakub Kindl.
4:52 of 3rd period - Stopped by Jeremy Duchesne without a rebound.
4:53 of 3rd period - Alex Killorn wins face-off versus Enver Lisin in Harfangs zone.
5:17 of 3rd period - Icing by Andrew Orpik.
5:18 of 3rd period - Mats Zuccarello wins face-off versus Enver Lisin in Harfangs zone.
5:27 of 3rd period - Penalty to Matt Irwin is over, Matt Irwin is back on ice.
5:47 of 3rd period - Mike Hoffman is hit by Richard Park and loses puck.
6:12 of 3rd period - Snap shot by Steven Zalewski.
6:12 of 3rd period - Shot Blocked by Brandon Pirri.
6:14 of 3rd period - Snap shot by Mathieu Dandenault.
6:14 of 3rd period - Stopped by Jeremy Duchesne with a rebound.
6:16 of 3rd period - Slapshot by Jeffrey Foss.
6:16 of 3rd period - Stopped by Jeremy Duchesne with a rebound.
6:28 of 3rd period - Slapshot by Zach Boychuk.
6:28 of 3rd period - Shot Misses the Net.
7:00 of 3rd period - Luca Caputi is hit by Calle Jarnkrok and loses puck.
7:07 of 3rd period - Slapshot by Tomas Tatar.
7:07 of 3rd period - Stopped by Andrew Hammond without a rebound.
7:08 of 3rd period - Alex Killorn wins face-off versus Wayne Primeau in Blackdemons zone.
7:17 of 3rd period - Backhand shot by Enver Lisin.
7:17 of 3rd period - Deflect By Zach Boychuk.
7:17 of 3rd period - Stopped by Jeremy Duchesne without a rebound.
7:18 of 3rd period - Wayne Primeau wins face-off versus Alex Killorn in Harfangs zone.
7:25 of 3rd period - Alex Killorn is hit by Wayne Primeau and loses puck.
7:36 of 3rd period - Slapshot by Zach Boychuk.
7:36 of 3rd period - Shot Misses the Net.
7:44 of 3rd period - Snap shot by Zach Boychuk.
7:44 of 3rd period - Stopped by Jeremy Duchesne without a rebound.
7:45 of 3rd period - Tomas Tatar wins face-off versus Shawn Matthias in Harfangs zone.
7:54 of 3rd period - Wrist shot by Mike Hoffman.
7:54 of 3rd period - Stopped by Andrew Hammond with a rebound.
8:19 of 3rd period - Wrist shot by Patrice Cormier.
8:19 of 3rd period - Deflect By Stefan Ruzicka.
8:19 of 3rd period - Shot Misses the Net.
8:19 of 3rd period - Puck is out of play.
8:20 of 3rd period - Brandon Pirri wins face-off versus Wayne Primeau in Harfangs zone.
8:27 of 3rd period - Snap shot by Peter Olvecky.
8:27 of 3rd period - Shot Misses the Net.
8:29 of 3rd period - Slapshot by Brandon Pirri.
8:29 of 3rd period - Stopped by Andrew Hammond with a rebound.
8:31 of 3rd period - Snap shot by Peter Olvecky.
8:31 of 3rd period - Goal by Peter Olvecky - Blackdemons : 2 - Harfangs : 8.
8:32 of 3rd period - Alex Killorn wins face-off versus Wayne Primeau in neutral zone.
8:47 of 3rd period - Andrew Orpik is hit by Wayne Primeau and loses puck.
8:58 of 3rd period - Shawn Matthias is hit by Mike Hoffman and loses puck.
9:25 of 3rd period - Slapshot by Matt Irwin.
9:25 of 3rd period - Shot Blocked by Michal Repik.
9:27 of 3rd period - Wrist shot by Eric Wellwood.
9:27 of 3rd period - Stopped by Jeremy Duchesne with a rebound.
9:29 of 3rd period - Slapshot by Jakub Kindl.
9:29 of 3rd period - Shot Blocked by Peter Olvecky.
9:38 of 3rd period - Off-side.
9:39 of 3rd period - Petri Kontiola wins face-off versus Wayne Primeau in neutral zone.
9:41 of 3rd period - Minor Penalty to Dustin Jeffrey for Holding.
9:42 of 3rd period - Wayne Primeau wins face-off versus Petri Kontiola in Harfangs zone.
10:13 of 3rd period - Slapshot by Matt Hunwick.
10:13 of 3rd period - Deflect By Michael Haley.
10:13 of 3rd period - Shot Misses the Net.
10:13 of 3rd period - Puck is out of play.
10:14 of 3rd period - Petri Kontiola wins face-off versus Shawn Matthias in Harfangs zone.
10:41 of 3rd period - Andrew Orpik is hit by Matt Irwin and loses puck.
11:00 of 3rd period - Snap shot by Andrew MacDonald.
11:00 of 3rd period - Stopped by Jeremy Duchesne with a rebound.
11:02 of 3rd period - Wrist shot by Michael Haley.
11:02 of 3rd period - Stopped by Jeremy Duchesne without a rebound.
11:03 of 3rd period - Wayne Primeau wins face-off versus Petri Kontiola in Harfangs zone.
11:41 of 3rd period - Penalty to Dustin Jeffrey is over, Dustin Jeffrey is back on ice.
11:55 of 3rd period - Off-side.
11:56 of 3rd period - Steven Zalewski wins face-off versus Chris Kreider in neutral zone.
12:02 of 3rd period - Minor Penalty to Steve Oleksy for Cross-checking.
12:03 of 3rd period - Petri Kontiola wins face-off versus Enver Lisin in Blackdemons zone.
12:03 of 3rd period - Snap shot by Stefan Ruzicka.
12:03 of 3rd period - Shot Misses the Net.
12:05 of 3rd period - Wrist shot by Peter Olvecky.
12:05 of 3rd period - Shot Misses the Net.
12:11 of 3rd period - Wrist shot by Peter Olvecky.
12:11 of 3rd period - Stopped by Andrew Hammond without a rebound.
12:12 of 3rd period - Petri Kontiola wins face-off versus Enver Lisin in Blackdemons zone.
12:15 of 3rd period - Snap shot by Peter Olvecky.
12:15 of 3rd period - Shot Blocked by Jakub Kindl.
12:37 of 3rd period - Wrist shot by Stefan Ruzicka.
12:37 of 3rd period - Shot Misses the Net.
12:39 of 3rd period - Snap shot by Petri Kontiola.
12:39 of 3rd period - Stopped by Andrew Hammond without a rebound.
12:40 of 3rd period - Alex Killorn wins face-off versus Enver Lisin in Blackdemons zone.
13:05 of 3rd period - Petri Kontiola is hit by Wayne Primeau and loses puck.
13:10 of 3rd period - Slapshot by Matt Irwin.
13:10 of 3rd period - Stopped by Jeremy Duchesne with a rebound.
14:02 of 3rd period - Penalty to Steve Oleksy is over, Steve Oleksy is back on ice.
14:20 of 3rd period - Snap shot by Mike Hoffman.
14:20 of 3rd period - Stopped by Andrew Hammond without a rebound.
14:21 of 3rd period - Calle Jarnkrok wins face-off versus Patrice Cormier in Blackdemons zone.
14:34 of 3rd period - Wrist shot by Patrice Cormier.
14:34 of 3rd period - Deflect By Richard Park.
14:34 of 3rd period - Shot Misses the Net.
14:34 of 3rd period - Puck is out of play.
14:35 of 3rd period - Wayne Primeau wins face-off versus Mats Zuccarello in Harfangs zone.
14:42 of 3rd period - Snap shot by Zach Boychuk.
14:42 of 3rd period - Shot Misses the Net.
15:02 of 3rd period - Michal Repik is hit by Matt Irwin and loses puck.
15:29 of 3rd period - Reid McNeill is hit by Luca Caputi and loses puck.
15:58 of 3rd period - Michael Haley is hit by Petri Kontiola and loses puck.
17:21 of 3rd period - Petri Kontiola is hit by Michael Haley and loses puck.
17:52 of 3rd period - Wrist shot by Shawn Matthias.
17:52 of 3rd period - Shot Misses the Net.
17:56 of 3rd period - Snap shot by Barry Tallackson.
17:56 of 3rd period - Shot Blocked by Dustin Jeffrey.
17:58 of 3rd period - Snap shot by Barry Tallackson.
17:58 of 3rd period - Stopped by Jeremy Duchesne without a rebound.
17:59 of 3rd period - Alex Killorn wins face-off versus Wayne Primeau in Harfangs zone.
17:59 of 3rd period - Alex Killorn is hit by Enver Lisin.
18:02 of 3rd period - Minor Penalty to Chris Kreider for Roughing.
18:03 of 3rd period - Alex Killorn wins face-off versus Wayne Primeau in Harfangs zone.
18:07 of 3rd period - Minor Penalty to Matt Irwin for Roughing.
18:08 of 3rd period - Wayne Primeau wins face-off versus Alex Killorn in Blackdemons zone.
18:33 of 3rd period - Calvin de Haan is hit by Alexandre Picard and loses puck.
18:44 of 3rd period - Igor Makarov is hit by Tomas Tatar and loses puck.
18:51 of 3rd period - Slapshot by Andrew Orpik.
18:51 of 3rd period - Shot Blocked by Enver Lisin.
Goals for this period are 0 for Blackdemons vs 2 for Harfangs.
Shots for this period are 14 for Blackdemons vs 10 for Harfangs.
Back to the Top